AoeStats
← Daniel

Arena

507959543Analyzed
2v2 RM · 12d ago on Sep 20, 2026· 46m 22s· 4 players
Game mode
Random Map
Map size
Medium (4 player)
Population
200
Speed
Normal
Resources
Standard
Victory
Conquest
Starting age
Dark Age
Ending age
Imperial Age
RankedLock teamsTeams togetherTeam positionsShared explorationLock speedFull tech treeHidden civsTurbo modeCheats
Victory
Defeat
🇫🇷 Koreans · France
1060
+17
🇻🇳 Chinese · Vietnam
1050
+18
🇧🇷 Hindustanis · Brazil
1180
-21
🇨🇳 Khitans · China
1000
-43
Daniel
1:07 Loom
11:00 Feudal Age
13:02 Wheelbarrow
16:21 Castle Age
15:06 Horse Collar
15:18 Double-Bit Axe
20:10 Bow Saw
22:47 Hand Cart
22:50 Heavy Plow
22:49 Stone Mining
22:57 Gold Mining
27:03 Gold Shaft Mining
29:23 Imperial Age
27:34 Fletching
27:46 Padded Archer Armor
28:11 Ballistics
28:48 Bodkin Arrow
30:01 Leather Archer Armor
30:37 Conscription
30:28 Town Watch
30:36 Elite Chu Ko Nu
31:20 Bracer
32:34 Chemistry
33:05 Ring Archer Armor
33:18 Squires
36:26 Heavy Rocket Cart
46:22 Spies/Treason
DavidCS
10:47 Feudal Age
15:34 Castle Age
15:03 Double-Bit Axe
15:00 Horse Collar
17:59 Bow Saw
17:57 Crossbowman
19:33 Heavy Plow
20:30 Fletching
22:20 Thumb Ring
22:55 Thumb Ring
24:11 Bodkin Arrow
25:21 Ballistics
34:48 Imperial Age
32:07 Loom
33:06 Murder Holes
33:24 Masonry
33:51 Squires
36:07 Conscription
38:26 Chemistry
38:43 Scale Barding Armor
39:16 Forging
41:00 Wheelbarrow
41:02 Town Watch
44:58 Elite War Wagon
46:15 Architecture
45:26 Treadmill Crane
46:13 Hand Cart
45:59 Town Patrol
rivamestre
10:08 Feudal Age
8:47 Loom
10:42 Double-Bit Axe
11:09 Horse Collar
17:57 Castle Age
17:08 Bloodlines
18:55 Heavy Plow
23:49 Bow Saw
25:04 Forging
25:46 Fletching
26:43 Light Cavalry
32:01 Scale Barding Armor
33:58 Husbandry
38:07 Imperial Age
36:08 Scale Mail Armor
36:55 Wheelbarrow
37:40 Chain Mail Armor
38:27 Hand Cart
38:53 Iron Casting
38:52 Stone Mining
40:49 Blast Furnace
40:51 Conscription
40:19 Elite Ghulam
42:29 Squires
43:17 Ballistics
43:53 Padded Archer Armor
43:50 Bodkin Arrow
43:20 Elite Skirmisher
45:29 Leather Archer Armor
45:15 Bracer
smoke
12:41 Feudal Age
18:54 Castle Age
16:46 Double-Bit Axe
16:43 Domestication
18:43 Forging
24:32 Bow Saw
24:24 Pastoralism
24:32 Stone Mining
25:54 Iron Casting
26:54 Stone Shaft Mining
27:04 Wheelbarrow
26:26 Elite Skirmisher
28:33 Hand Cart
28:25 Gold Mining
29:56 Loom
29:57 Town Watch
31:05 Murder Holes
31:32 Ballistics
32:32 Thumb Ring
35:59 Imperial Age
33:21 Man-at-Arms
33:50 Gambesons
35:54 Pikeman
Connection lost

Rejoining the realm…

Still unreachable

The connection could not be restored.

Session expired

The server has moved on; the page needs a fresh start.